 Dungeon Crawl Stone Soup version 0.27.0-1-g7a089689b8 (webtiles) character file.

Game seed: 14558653357543853192

541 jt the Shield-Bearer (level 7, -4/52 HPs)
             Began as a Demonspawn Fighter on Aug 16, 2021.
             Was an Initiate of Gozag.
             Slain by an ogre (20 damage)
             ... on level 4 of the Dungeon.
             The game lasted 00:06:10 (3618 turns).

jt the Shield-Bearer (Demonspawn Fighter)           Turns: 3618, Time: 00:06:11

Health: -4/52      AC: 13    Str: 19    XL:     7   Next: 5%
Magic:  7/7        EV:  5    Int:  9    God:    Gozag
Gold:   378        SH: 10    Dex: 12    Spells: 6/6 levels left

rFire    . . .     SeeInvis .   a - +0 war axe
rCold    . . .     Faith    .   c - +0 kite shield
rNeg     . . .     Spirit   .   m - +0 chain mail
rPois    .         Reflect  .   (helmet restricted)
rElec    .         Harm     .   (no cloak)
rCorr    .         Rampage  .   o - +0 pair of gloves
Will     .....                  (no boots)
Stlth    ..........             (no amulet)
HPRegen  0.17/turn              (no ring)
MPRegen  0.10/turn              (no ring)

@: hasted, very quick
A: antennae 1, molten scales 2, spiny 1
a: Renounce Religion, Potion Petition, Call Merchant, Bribe Branch


You were on level 4 of the Dungeon.
You worshipped Gozag.
Gozag was aware of your devotion.
You visited 1 branch of the dungeon, and saw 4 of its levels.

You collected 378 gold pieces.

Inventory:

Hand Weapons
 a - a +0 war axe (weapon)
 e - a +0 spear
 g - a +0 hunting sling
 r - a +0 whip of electrocution
Missiles
 h - 151 stones (quivered)
 i - 22 bolts
 j - 84 arrows
 l - 37 sling bullets
 x - 7 poisoned darts
 C - 4 boomerangs
Armour
 b - a +0 scale mail
 c - a +0 kite shield (worn)
 m - a +0 chain mail (worn)
 o - a +0 pair of gloves (worn)
 z - a +0 helmet
Jewellery
 A - a ring of ice
Scrolls
 f - 2 scrolls of magic mapping
 n - a scroll of vulnerability {unknown}
 t - a scroll of brand weapon {unknown}
 y - a scroll of teleportation {unknown}
Potions
 d - a potion of might
 k - a potion of haste
 p - 2 potions of lignification {unknown}
 q - 3 potions of curing
 s - a potion of attraction {unknown}
 u - 2 potions of heal wounds {unknown}
 v - a potion of mutation {unknown}
 w - 2 potions of flight


   Skills:
 - Level 3.0 Fighting
 + Level 5.1 Axes
 - Level 2.6 Armour
 + Level 5.5 Shields


You had 6 spell levels left.
You didn't know any spells.
Your spell library contained the following spells:

 Spells                   Type           Power      Damage    Failure   Level
 Animate Skeleton         Necr           0%         N/A       100%        1
 Apportation              Tloc           0%         N/A       100%        1
 Corona                   Hex            0%         N/A       100%        1
 Magic Dart               Conj           0%         1d3       100%        1
 Summon Small Mammal      Summ           0%         N/A       100%        1
 Blink                    Tloc           N/A        N/A       100%        2
 Searing Ray              Conj           0%         3d3       100%        2
 Lesser Beckoning         Tloc           0%         N/A       100%        3
 Fulminant Prism          Conj/Hex       0%         3d6       100%        4
 Manifold Assault         Tloc           0%         N/A       100%        5


Dungeon Overview and Level Annotations

Branches:
Dungeon (4/15)
 Temple: D:4-7

Altars:
Gozag
Nemelex Xobeh

Annotations:
D:4 2 transporters


Innate Abilities, Weirdness & Mutations

You have a pair of small antennae on your head.
You are mostly covered in molten scales. (AC +3)
You are partially covered in sharp spines.


Message History

Found 2 potions of curing.
You now have 326 gold pieces (gained 7).
You now have 339 gold pieces (gained 13).
Things that are here:
a +0 dagger; a +0 robe You now have 352 gold pieces (gained 13).
Things that are here:
a +0 club; a +0 dagger; a +0 robe You now have 364 gold pieces (gained 12).
Things that are here:
a +0 dagger; a +0 robe You start resting.
HP restored.
Found 14 gold pieces.
Found a stone staircase leading down.
q - 3 potions of curing (gained 2)
Found a lumpy silvery potion.
You now have 378 gold pieces (gained 14).
p - 2 lumpy silvery potions (gained 1)
An ogre comes into view. It is wielding a +0 giant club.
The ogre shouts!
The ogre is struck by your spines.
The ogre hits you with a +0 giant club!!
You hit the ogre.
The ogre is moderately wounded.
You block the ogre's attack.
You hit the ogre.
The ogre is moderately wounded.
You block the ogre's attack.
You barely miss the ogre.
The ogre is moderately wounded.
The ogre is struck by your spines.
The ogre hits you with a +0 giant club!!
* * * LOW HITPOINT WARNING * * *
Okay, then.
You aren't carrying any items that you can evoke without wielding.
You feel yourself speed up. The ogre is struck by your spines.
The ogre hits you with a +0 giant club!!
You die...
Your body crumbles into a pile of gold.

.))..............>...# ..
..#..................# ....
####.....##..........###.....
########..................
######### #..................
........# #.........####.....
........###..........# ....
.................O...# .##
................@....# ...
.....................####.# #
....##.................... #
#....#.................#
#.####..#..>.....#.##.#
#..#...........##..##.#
###..............##.#...#
.............##..##.#.###
###..#...#.#.###....#.#


You could see an ogre.

Vanquished Creatures
  2 scorpions (D:4)
  A water moccasin skeleton (D:4)
  An orc priest (D:3)
  2 centaur skeletons (D:4)
  An iguana (D:3)
  4 orc wizards (D:4)
  3 gnolls (D:2)
  4 adders
  2 worms (D:2)
  2 dart slugs
  9 orcs
  8 ball pythons
  11 endoplasms
  4 giant cockroaches
  7 hobgoblins
  4 jackals
  8 kobolds
  A quokka (D:2)
  4 bats
  3 frilled lizards
  8 goblins
  3 rats
92 creatures vanquished.

Notes
Turn   | Place    | Note
-------+----------+-------------------------------------------
     0 | D:1      | jt the Demonspawn Fighter began the quest for the Orb.
     0 | D:1      | Reached XP level 1. HP: 18/18 MP: 1/1
   248 | D:1      | Gained mutation: You are partially covered in sharp spines.
                  | [demonic ancestry]
   248 | D:1      | Reached XP level 2. HP: 19/24 MP: 2/2
  1388 | D:2      | Reached XP level 3. HP: 29/29 MP: 3/3
  1793 | D:2      | Gained mutation: You are partially covered in molten
                  | scales. (AC +2) [demonic ancestry]
  1793 | D:2      | Reached XP level 4. HP: 24/35 MP: 4/4
  2080 | D:2      | Found a faded altar of an unknown god.
  2119 | D:2      | Became a worshipper of Gozag Ym Sagoz the Greedy
  2370 | D:3      | Reached XP level 5. HP: 36/41 MP: 5/5
  2386 | D:3      | Found a sparkling altar of Nemelex Xobeh.
  3255 | D:4      | Gained mutation: You are mostly covered in molten scales.
                  | (AC +3) [demonic ancestry]
  3255 | D:4      | Reached XP level 6. HP: 47/47 MP: 6/6
  3278 | D:4      | Reached skill level 5 in Shields
  3476 | D:4      | Found a transporter.
  3491 | D:4      | Found a transporter.
  3550 | D:4      | Reached skill level 5 in Axes
  3550 | D:4      | Gained mutation: You have a pair of small antennae on your
                  | head. [demonic ancestry]
  3550 | D:4      | Reached XP level 7. HP: 45/52 MP: 7/7
  3618 | D:4      | Slain by an ogre

Illustrated notes

Levels and vault maps discovered:
D:1:      tarquinn_simple_flora_water_d, layout_basic
D:2:      layout_basic, hellmonk_ecumenical_altar_pennies_from_heaven,
          hangedman_glass_teeth
D:3:      layout_basic, nemelex_xobeh_ov_fountains_minmay
D:4:      gammafunk_steamed_eel, layout_rooms

Skill      XL: |  1  2  3  4  5  6 |
---------------+-------------------+-----
Axes           | 2 3 4 5 |  5.1
Shields        | 3 4 5 |  5.5
Fighting       | |  3.0
Armour         | |  2.6

Action                   |  1- 3 |  4- 6 |  7- 9 || total
-------------------------+-------+-------+-------++-------
Melee: War axe           |    61 |   125 |     8 ||   194
  Use: Scroll            |     3 |     3 |       ||     6
       Potion            |       |       |     1 ||     1
 Stab: Distracted        |       |     2 |       ||     2
Armor: Scale mail        |     7 |       |       ||     7
       Chain mail        |    15 |    62 |     6 ||    83
Dodge: Dodged            |    12 |    26 |     1 ||    39
Block: Kite shield       |    29 |    64 |     4 ||    97
